Map: Catalyst LE

Players

Bly

  • Race: Zerg Zerg
  • Spawn Location: 11:00

SpeCial - Winner!

  • Race: Terran Terran
  • Spawn Location: 5:00

Event: IEM Season 12 - PyeongChang

VOD

Have the link to the VOD?

Description

Time

  • Played on: Feb. 6, 2018, 1:38 a.m.
  • Length: 10:11

All games in this series

Show
View Real Time Build Order
Export as new Build Order

Bly Zerg 

Build Orders: Pool First 

Get SALT Encoding   

  12  0:01  Drone  
  13  0:12  Overlord  
  13  0:17  Drone  
  14  0:31  Drone x2  
  16  0:40  Spawning Pool  
  15  0:45  Drone  
  17  0:50  Drone  
  17  0:58  Drone  
  18  1:05  Extractor  
  17  1:15  Hatchery  
  16  1:27  Zergling x4  
  16  1:29  Zergling x2  
  19  1:34  Queen  
  21  1:42  Overlord  
  21  1:49  Drone  
  22  1:58  Roach Warren  
  21  2:09  Drone  
  21  2:11  Drone  
  23  2:34  Drone  
  23  2:48  Roach  
  23  2:49  Roach x5  
  34  2:55  Overlord  
  34  3:06  Drone x2  
  35  3:14  Drone  
  35  3:15  Drone x2  
  38  3:21  Ravager x2  
  38  3:24  Zergling x4  
  42  3:32  Overlord  
  42  3:33  Zergling x4  
  44  3:55  Spore Crawler  
  43  4:01  Ravager  
  45  4:03  Drone x4  
  45  4:09  Overlord  
  48  4:11  Overlord  
  48  4:19  Drone x2  
  48  4:20  Drone  
  46  4:27  Drone  
  46  4:28  Queen  
  48  4:33  Overlord  
  48  4:36  Drone  
  48  4:37  Drone x2  
  51  4:39  Hatchery  
  51  4:41  Extractor  
  51  4:44  Metabolic Boost  
  49  4:51  Overlord  
  49  4:57  Ravager  
  50  5:04  Overlord  
  50  5:05  Roach  
  52  5:15  Roach x2  
  52  5:16  Overlord  
  52  5:18  Overlord  
  52  5:21  Overlord  
  56  5:22  Roach  
  56  5:23  Zergling x2  
  59  5:31  Zergling x4  
  59  5:34  Zergling x6  
  64  5:38  Zergling x2  
  64  5:39  Zergling x4  
  67  5:43  Ravager  
  68  5:50  Zergling x4  
  70  6:00  Zergling x8  
  74  6:13  Zergling x18  
  74  6:16  Ravager x3  
  66  6:40  Zergling x12  
  67  6:52  Zergling x2  
  67  6:53  Zergling x16  
  58  7:10  Roach x3  
  58  7:11  Roach  
  58  7:14  Queen  
  68  7:18  Roach x2  
  68  7:19  Roach  
  74  7:27  Roach x3  
  80  7:34  Roach  
  80  7:35  Roach x2  
  85  7:41  Ravager  
  85  7:42  Ravager, Zergling x6  
  90  7:51  Zergling x2  
  90  7:52  Zergling x8  
  94  7:59  Zergling x6, Roach  
  99  8:10  Zergling x10  
  104  8:13  Ravager x2  
  104  8:15  Zergling x4  
  104  8:16  Zergling x2  
  103  8:36  Zergling x12  
  103  8:37  Zergling x12  
  110  8:53  Ravager x2  
  110  8:54  Zergling x12  
  115  8:58  Overlord  
  64  9:19  Drone x4  
  64  9:20  Drone x9  
  63  9:33  Roach x2  
  63  9:34  Roach  
  69  9:42  Roach, Extractor  
  69  9:43  Roach x2  
  74  9:48  Roach x3  
  74  9:52  Roach x4  
Show
View Real Time Build Order
Export as new Build Order

SpeCial Terran - Winner!

Build Orders: Cyclone Opening, Reaper Expand, MMM Bio 

Get SALT Encoding   

  12  0:00  SCV  
  13  0:12  SCV  
  14  0:18  Supply Depot  
  14  0:24  SCV  
  15  0:39  SCV  
  15  0:41  Barracks  
  16  0:44  Refinery  
  16  0:52  SCV  
  17  1:04  SCV  
  18  1:16  SCV  
  19  1:29  Reaper, Orbital Command  
  20  1:40  Command Center  
  20  1:54  Supply Depot  
  20  1:55  SCV  
  21  2:07  Marine  
  22  2:09  SCV, Factory  
  22  2:13  Refinery  
  23  2:21  SCV  
  24  2:25  Marine  
  25  2:33  SCV  
  25  2:43  Marine  
  25  2:45  SCV  
  25  2:52  Bunker  
  25  2:54  Cyclone  
  29  3:01  Marine  
  29  3:08  Orbital Command  
  29  3:12  SCV  
  30  3:19  Marine  
  31  3:26  Cyclone  
  34  3:31  SCV  
  35  3:34  SCV  
  36  3:43  SCV  
  36  3:44  Bunker  
  36  3:46  SCV, Marine  
  39  3:55  SCV  
  40  3:58  SCV  
  39  4:07  SCV  
  39  4:09  Supply Depot  
  39  4:10  SCV  
  40  4:19  SCV  
  40  4:22  SCV, Factory Tech Lab  
  39  4:31  SCV, Supply Depot  
  40  4:46  SCV x2, Siege Tank  
  40  4:52  Command Center  
  45  4:53  Supply Depot  
  45  4:58  SCV, Barracks Reactor  
  45  4:59  SCV  
  47  5:02  Supply Depot  
  47  5:10  SCV  
  47  5:11  SCV  
  52  5:22  SCV  
  52  5:26  Supply Depot  
  52  5:28  Barracks  
  50  5:29  SCV, Barracks  
  50  5:31  Barracks  
  50  5:34  SCV  
  50  5:35  Factory Reactor  
  52  5:41  SCV  
  53  5:43  Stimpack, Engineering Bay, Marine  
  53  5:44  Engineering Bay  
  53  5:47  SCV  
  53  5:49  Supply Depot  
  55  5:53  SCV  
  56  6:00  Marine  
  56  6:01  SCV  
  52  6:04  Orbital Command  
  58  6:05  SCV  
  58  6:10  Refinery  
  58  6:11  Starport  
  58  6:14  Refinery, SCV  
  58  6:17  SCV, Factory Tech Lab  
  58  6:18  Terran Infantry Weapons Level 1, Marine  
  58  6:34  Marine x2  
  58  6:36  Marine  
  45  6:47  SCV x3  
  45  6:52  Marine x2  
  45  6:54  Marine  
  45  6:59  SCV  
  46  7:03  Orbital Command  
  46  7:06  Siege Tank  
  49  7:09  Starport Reactor  
  49  7:10  Marine x2  
  49  7:12  Marine  
  49  7:13  Bunker  
  49  7:14  SCV  
  53  7:19  Marine x2  
  53  7:22  SCV  
  56  7:26  SCV  
  56  7:28  Marine  
  58  7:31  Terran Infantry Armor Level 1, Marine  
  58  7:32  Marine  
  58  7:34  SCV  
  61  7:38  SCV  
  61  7:42  SCV  
  63  7:44  Marine x2  
  63  7:45  Marine  
  63  7:47  Medivac x2, SCV  
  63  7:49  Marine  
  63  7:50  Marine  
  73  7:52  Combat Shields  
  73  7:57  Siege Tank  
  76  7:58  SCV  
  76  7:59  SCV  
  76  8:02  SCV, Marine x2  
  76  8:05  Marine  
  82  8:07  Marine  
  82  8:08  Marine  
  82  8:11  SCV x2  
  82  8:12  Supply Depot  
  86  8:19  Medivac x2  
  90  8:20  Marine x2  
  90  8:22  SCV, Marine  
  90  8:23  SCV  
  95  8:27  Marine x2  
  95  8:31  Siege Tank  
  99  8:35  Orbital Command  
  99  8:39  SCV x2, Marine  
  99  8:41  Supply Depot  
  95  8:42  Marine x2  
  95  8:45  Marine x2  
  99  8:51  SCV x2  
  99  8:52  Supply Depot x2  
  99  8:55  Supply Depot  
  100  8:57  Bunker, Marine  
  101  9:04  Supply Depot  
  101  9:05  Supply Depot  
  95  9:10  Marine x4  
  95  9:14  Marine  
  80  9:23  Siege Tank  
  83  9:27  Marine  
  83  9:28  Marine x3  
  83  9:29  SCV x3  
  89  9:32  Marine  
  90  9:41  Medivac x2, SCV x2  
  90  9:45  SCV, Marine x4  
  96  9:50  Marine  
  101  9:53  SCV  

Tags
 
Add a new tag
Caveats
  • Supply blocks, unpowered buildings, or Contaminate may cause inaccurate times.
  • Supply counts are checked every 10 seconds.